 Dungeon Crawl Stone Soup version 0.25-a0-632-g7713895373 (webtiles) character file.

Game seed: 8326449634755467900, levelgen mode: deterministic

4532 tilp the Carver (level 10, 0/76 HPs)
             Began as a Demonspawn Fighter on Mar 19, 2020.
             Was a Priest of Makhleb.
             Succumbed to Erica's bolt of poison
             ... on level 8 of the Dungeon.
             The game lasted 00:22:58 (10858 turns).

tilp the Carver (Demonspawn Fighter)               Turns: 10858, Time: 00:22:58

Health: 0/76       AC: 16    Str: 21    XL:     10   Next: 17%
Magic:  16/22      EV:  3    Int: 10    God:    Makhleb [***...]
Gold:   459        SH: 10    Dex: 13    Spells: 9/9 levels left

rFire    . . .     SeeInvis .   a - +1 long sword
rCold    . . .     Gourm    .   f - +1 kite shield
rNeg     . . .     Faith    .   m - +0 plate armour
rPois    .         Spirit   +   (helmet restricted)
rElec    .         Reflect  .   A - +1 cloak
rCorr    .         Harm     .   (no gloves)
MR       ++...     Clarity  +   (no boots)
Stlth    ..........             (no amulet)
HPRegen  0.22/turn              i - ring of protection from magic
MPRegen  0.36/turn              w - ring of magical power

@: mighty, lethally poisoned (0 -> -2)
A: antennae 1, yellow scales 2, clarity, magic resistance 1, powered by pain 2,
strong 1, magic shield, magic regeneration
a: Minor Destruction, Lesser Servant of Makhleb, Renounce Religion


You were on level 8 of the Dungeon.
You worshipped Makhleb.
Makhleb was most pleased with you.
You were not hungry.

You visited 1 branch of the dungeon, and saw 8 of its levels.

You collected 459 gold pieces.

Inventory:

Hand Weapons
 a - a +1 long sword (weapon)
 z - a +5 falchion
Missiles
 e - 212 stones
 k - 37 poisoned darts (quivered)
 o - 9 boomerangs
 x - 8 javelins
Armour
 f - a +1 kite shield (worn)
 m - a +0 plate armour (worn)
 A - a +1 cloak (worn)
Jewellery
 i - a ring of protection from magic (left hand)
 w - a ring of magical power (right hand)
Wands
 s - a wand of paralysis (1)
Scrolls
 b - a scroll of magic mapping {unknown}
 d - a scroll of blinking
 h - 4 scrolls of identify
 l - a scroll of fog
 n - 4 scrolls of remove curse
 q - a scroll of fear
 y - a scroll of brand weapon {unknown}
Potions
 j - 2 potions of stabbing
 v - 2 potions of haste
Comestibles
 c - 11 rations


   Skills:
 - Level 6.0 Fighting
 * Level 12.2 Long Blades
 - Level 2.6 Armour
 - Level 2.6 Shields
 - Level 4.1 Invocations


You had 9 spell levels left.
You didn't know any spells.
Your spell library contained the following spells:

 Spells                   Type           Power        Failure   Level  Hunger
 Magic Dart               Conj           #...         100%        1    ##.....
 Blink                    Tloc           N/A          100%        2    ###....
 Call Imp                 Summ           #.......     100%        2    ###....
 Slow                     Hex            #.......     100%        2    ###....
 Conjure Flame            Conj/Fire      #.......     100%        3    ####...
 Mephitic Cloud           Conj/Pois/Air  #.......     100%        3    ####...


Dungeon Overview and Level Annotations

Branches:
Dungeon (8/15)             Temple (0/1) D:5
   Lair: D:8-11

Altars:
Ashenzari
Dithmenos
Fedhas
Hepliaklqana
Kikubaaqudgha
Makhleb
Nemelex Xobeh
Qazlal
Vehumet
Wu Jian
Xom
Yredelemnul
Zin

Annotations:
D:3 2 transporters, Menkaure


Innate Abilities, Weirdness & Mutations

You have a pair of small antennae on your head.
You are mostly covered in yellow scales. (AC +3)
You sometimes gain power by taking damage.
When hurt, damage is shared between your health and your magic reserves.
You regenerate magic rapidly.
You possess an exceptional clarity of mind.
You are resistant to hostile enchantments. (MR+)
Your muscles are strong. (Str +2)


Message History

Your smoke demon hits the killer bee but does no damage.
Your smoke demon misses the killer bee.
Your orange demon stings the killer bee from afar!
The killer bee dies!
Makhleb accepts your kill.
Unknown command.
Okay, then.
Your orange demon looks more healthy.
* * * LOW HITPOINT WARNING * * *
You feel sick.
Items here: ! ) [ † a +3 scimitar of flaming; a +0 robe; a potion of mutation the human corpse of Erica Unknown command.
Okay, then.
Okay, then.
* * * LOW HITPOINT WARNING * * *
You feel sick.
Unknown command.
You die...

############...#####.##.
#.................##.##.
#.###.###[..............
##.###.# #...............
#..5{..###........<...##.
#..####[...#....#####....
#..###...#......# #.##.
#..##....#.[###.#####.##.
#.....#.@#.[###..........
######....(..34...).......###
#..............<†##.#####.###
#.......##.#.#.#.##.####...##
#.......#...#..#.##..<...#...
#.........#.##.......###...#.
#.......#...#..#.###.# ##.##.
#.......##.#.#.#.##..####.##.
#.......##.......#...........


You could see a friendly orange demon and a friendly smoke demon.

Vanquished Creatures
  A troll (D:6)
  A hippogriff (D:7)
  Sigmund (D:4)
  Grum (D:7)
  2 orc warriors
  An ice beast (D:6)
  2 sky beasts (D:6)
  2 phantoms (D:7)
  2 ogres
  4 wolves
  A centaur (D:5)
  A big kobold (D:7)
  2 scorpions (D:4)
  10 wights
  3 killer bees (D:8)
  4 crimson imps
  A centaur zombie (D:8)
  2 hounds
  4 orc priests
  2 jellies
  11 orc wizards
  2 worker ants (D:7)
  2 hound zombies
  A hound skeleton (D:6)
  4 gnolls (D:5)
  11 adders
  A river rat (D:5)
  3 shadow imps
  2 adder zombies
  3 oozes (D:1)
  An adder skeleton (D:7)
  4 worms
  3 dart slugs
  10 leopard geckos
  35 orcs
  6 giant cockroaches
  7 hobgoblins
  7 jackals
  8 kobolds
  2 quokkas
  2 ball pythons
  9 bats
  5 frilled lizards
  9 goblins
  A quokka skeleton (D:6)
  10 rats
206 creatures vanquished.

Vanquished Creatures (collateral kills)
  Erica (D:8)
  Maggie (D:8)
  An orc warrior (D:8)
  A bullfrog (D:8)
  3 killer bees (D:8)
  An orc (D:8)
8 creatures vanquished.

Grand Total: 214 creatures vanquished

Notes
Turn   | Place    | Note
-------+----------+-------------------------------------------
     0 | D:1      | tilp the Demonspawn Fighter began the quest for the Orb.
     0 | D:1      | Reached XP level 1. HP: 18/18 MP: 1/1
    39 | D:1      | Reached skill level 2 in Long Blades
    47 | D:1      | Gained mutation: You sometimes gain a little power by
                  | taking damage. [demonic ancestry]
    47 | D:1      | Reached XP level 2. HP: 21/24 MP: 2/2
   438 | D:1      | Gained mutation: You sometimes gain power by taking damage.
                  | [demonic ancestry]
   438 | D:1      | Reached XP level 3. HP: 25/29 MP: 3/3
   797 | D:2      | Reached skill level 3 in Long Blades
  1253 | D:2      | Gained mutation: When hurt, damage is shared between your
                  | health and your magic reserves. [demonic ancestry]
  1253 | D:2      | Reached XP level 4. HP: 35/37 MP: 4/4
  2012 | D:2      | Found a sparkling altar of Nemelex Xobeh.
  2012 | D:2      | Found a burning altar of Makhleb.
  2013 | D:2      | Found a radiant altar of Vehumet.
  2023 | D:2      | Became a worshipper of Makhleb the Destroyer
  2429 | D:3      | Found a transporter.
  2456 | D:3      | Found a transporter.
  2456 | D:3      | Found an ancient bone altar of Kikubaaqudgha.
  2458 | D:3      | Noticed Menkaure
  2464 | D:3      | Found a basalt altar of Yredelemnul.
  2565 | D:3      | Reached skill level 4 in Long Blades
  2730 | D:3      | Gained mutation: You have a pair of small antennae on your
                  | head. [demonic ancestry]
  2730 | D:3      | Reached XP level 5. HP: 37/42 MP: 3/5
  2886 | D:3      | Reached * piety under Makhleb
  3500 | D:4      | Found a shadowy altar of Dithmenos.
  3507 | D:4      | Noticed Sigmund
  4177 | D:4      | Gained mutation: You are partially covered in yellow
                  | scales. (AC +2) [demonic ancestry]
  4177 | D:4      | Reached XP level 6. HP: 28/49 MP: 4/6
  4285 | D:4      | Reached skill level 5 in Long Blades
  4342 | D:4      | Found a shattered altar of Ashenzari.
  4521 | D:4      | Found an ornate altar of the Wu Jian Council.
  4654 | D:4      | Killed Sigmund
  4654 | D:4      | Reached skill level 5 in Fighting
  4654 | D:4      | Gained mutation: You regenerate magic rapidly. [demonic
                  | ancestry]
  4654 | D:4      | Reached XP level 7. HP: 51/56 MP: 7/7
  4751 | D:5      | Entered Level 5 of the Dungeon
  4773 | D:5      | Reached skill level 6 in Long Blades
  5039 | D:5      | Found a staircase to the Ecumenical Temple.
  5312 | D:5      | HP: 2/56 [orc warrior/+2 glaive of freezing (2)]
  5975 | D:5      | Reached ** piety under Makhleb
  6066 | D:6      | Found a shimmering altar of Xom.
  6095 | D:6      | Reached skill level 7 in Long Blades
  6138 | D:6      | Noticed a troll
  6155 | D:6      | Killed a troll
  6155 | D:6      | Reached XP level 8. HP: 40/64 MP: 6/8
  6163 | D:6      | Reached skill level 8 in Long Blades
  6481 | D:6      | Reached skill level 9 in Long Blades
  7398 | D:7      | Noticed a hippogriff
  7417 | D:7      | Killed a hippogriff
  7417 | D:7      | Gained mutation: You are mostly covered in yellow scales.
                  | (AC +3) [demonic ancestry]
  7417 | D:7      | Reached XP level 9. HP: 30/69 MP: 5/9
  7739 | D:7      | Reached skill level 10 in Long Blades
  7987 | D:7      | Found a glowing silver altar of Zin.
  7995 | D:7      | Found a stormy altar of Qazlal.
  8116 | D:7      | Reached *** piety under Makhleb
  8197 | D:7      | Found a blossoming altar of Fedhas.
  8202 | D:7      | Found a hazy altar of Hepliaklqana.
  8591 | D:8      | Noticed Grum
  8605 | D:7      | Killed Grum
  8900 | D:7      | Reached skill level 11 in Long Blades
  9304 | D:7      | Reached skill level 1 in Invocations
 10237 | D:8      | Noticed Maggie
 10253 | D:8      | Killed Maggie
 10313 | D:8      | Reached XP level 10. HP: 55/76 MP: 13/13
 10421 | D:8      | Noticed Erica
 10847 | D:8      | Killed Erica
 10847 | D:8      | Reached skill level 12 in Long Blades
 10850 | D:8      | HP: 3/76 [poisoned by Erica (bolt of poison)]
 10852 | D:8      | Gained mutation: You are resistant to hostile enchantments.
                  | (MR+) [potion of mutation]
 10852 | D:8      | Gained mutation: You possess an exceptional clarity of
                  | mind. [potion of mutation]
 10852 | D:8      | Gained mutation: Your muscles are strong. (Str +2) [potion
                  | of mutation]
 10854 | D:8      | HP: 1/76 [poisoned by Erica (bolt of poison)]
 10858 | D:8      | Succumbed to Erica's bolt of poison

Levels and vault maps discovered:
D:1:      minmay_arrival_four_circles, layout_basic
D:2:      layout_basic, gammafunk_temple_overflow_claw, moated_statue
D:3:      layout_loops_ring, gammafunk_temple_of_torment,
          ebering_dispersal_statue_hall
D:4:      layout_gridville, kennysheep_mini, old_standard_altar,
          minmay_misc_feat_diagonals, evilmike_ruin_ashenzari, uniq_sigmund
D:5:      layout_gridville, temple_pool_b, gup_sewer_entry_spiral, first_ration
D:6:      layout_cave_pods, overflow_temple_1_default
D:7:      layout_rooms, lemuel_crystal_altar, old_standard_altar, minitemple,
          chequers_serial_rivers_marsh
D:8:      layout_loops_ring, uniq_erica, uniq_grum, uniq_maggie

Skill      XL: |  1  2  3  4  5  6  7  8  9 10 |
---------------+-------------------------------+-----
Long Blades    | 2 3 4 5 7 9 11 12 | 12.2
Fighting       | 4 5 6 |  6.0
Invocations    | 4 |  4.1
Armour         | |  2.6
Shields        | |  2.6

Action                   |  1- 3 |  4- 6 |  7- 9 | 10-12 || total
-------------------------+-------+-------+-------+-------++-------
Melee: Long sword        |   108 |   268 |   679 |    36 ||  1091
Invok: Minor Destruction |       |       |     2 |     1 ||     3
       Lesser Servant of |       |       |     2 |     5 ||     7
Evoke: Wand              |       |       |     3 |     3 ||     6
  Use: Scroll            |     1 |     5 |    11 |     1 ||    18
       Potion            |       |     1 |     1 |     7 ||     9
 Stab: Paralysed         |       |       |    11 |       ||    11
       Distracted        |       |       |     1 |       ||     1
  Eat: Chunk             |     1 |    12 |    18 |       ||    31
       Ration            |       |       |       |     1 ||     1
Armor: Scale mail        |    68 |   111 |    42 |       ||   221
       Plate armour      |       |       |   365 |    19 ||   384
Dodge: Dodged            |    26 |    76 |    88 |     1 ||   191
Block: Kite shield       |    53 |   151 |   354 |    10 ||   568
       Rpst.: Long sword |     8 |    27 |    20 |       ||    55

Table legend:
 A = Non-vault XP
 B = Vault XP
 C = Vault XP percentage of total XP
 D = Non-vault monster count
 E = Vault monster count
 F = Vault count percentage of total count
                 A         B        C        D         E       F
            +---------+---------+-------+---------+---------+-------
      Total |    4690 |    1785 |  27.6 |     199 |      15 |   7.0
            +---------+---------+-------+---------+---------+-------
        D:1 |      48 |       0 |   0.0 |      18 |       0 |   0.0
        D:2 |      74 |       0 |   0.0 |      32 |       0 |   0.0
        D:3 |     134 |       0 |   0.0 |      41 |       0 |   0.0
        D:4 |     317 |     220 |  41.0 |      14 |       1 |   6.7
        D:5 |     620 |      25 |   3.9 |      18 |       7 |  28.0
        D:6 |    1269 |       0 |   0.0 |      27 |       0 |   0.0
        D:7 |    1283 |     554 |  30.2 |      28 |       4 |  12.5
        D:8 |     945 |     986 |  51.1 |      21 |       3 |  12.5
            +---------+---------+-------+---------+---------+-------
